 Dungeon Crawl Stone Soup version 0.20.1-1-g8b1a95d66d (webtiles) character file.

246 HessuHobo the Firebug (level 5, -2/38 HPs)
             Began as a Draconian Fire Elementalist on Nov 16, 2017.
             Slain by a goblin (4 damage)
             ... led by Robin
             ... on level 3 of the Dungeon on Nov 17, 2017.
             The game lasted 00:27:23 (5248 turns).

HessuHobo the Firebug (Draconian Fire Elementalist) Turns: 5248, Time: 00:27:24

Health: -2/38      AC:  5    Str: 16    XL:     5   Next: 84%
Magic:  5/10       EV: 12    Int: 16    God:
Gold:   134        SH:  0    Dex: 11    Spells: 4/10 levels left

rFire    . . .     SeeInvis .   (no weapon)
rCold    . . .     Gourm    .   (no shield)
rNeg     . . .     Faith    .   (armour unavailable)
rPois    .         Spirit   .   (helmet restricted)
rElec    .         Reflect  .   (no cloak)
rCorr    .         Harm     .   (no gloves)
MR       .....                  (no boots)
Stlth    ++........             (no amulet)
Regen    0.2/turn               (no ring)
MPRegen  0.2/turn               (no ring)

@: mighty
A: unfitting armour, cold-blooded, AC +5
a: no special abilities


You were on level 3 of the Dungeon.
You were not hungry.

You visited 1 branch of the dungeon, and saw 5 of its levels.

You collected 134 gold pieces.

Inventory:

Hand Weapons
 h - a +2 dagger of holy wrath
Scrolls
 c - 3 scrolls of remove curse
 g - a scroll of noise
 i - a scroll of magic mapping
 m - a scroll of enchant weapon
 o - a scroll of amnesia
Potions
 e - a potion of agility
 p - a potion of mutation
Books
 a - a book of Flames

   Spells                             Type                      Level
   a - Flame Tongue                   Conjuration/Fire             1
   b - Throw Flame                    Conjuration/Fire             2
   c - Conjure Flame                  Conjuration/Fire             3
   d - Inner Flame                    Hexes/Fire                   3
   e - Sticky Flame                   Conjuration/Fire             4
   f - Fireball                       Conjuration/Fire             5


   Skills:
 - Level 1.7 Dodging
 - Level 1.7 Stealth
 + Level 3.4 Spellcasting
 + Level 2.9 Conjurations
 + Level 5.0 Fire Magic


You had 4 spell levels left.
You knew the following spells:

 Your Spells              Type           Power        Failure   Level  Hunger
a - Flame Tongue          Conj/Fire      ###..        3%          1    None
b - Conjure Flame         Conj/Fire      ###.....     11%         3    ###....
c - Throw Flame           Conj/Fire      ###...       5%          2    ##.....


Dungeon Overview and Level Annotations

Branches:
Dungeon (5/15)
 Temple: D:4-7

Altars:
Fedhas

Annotations:
D:3 5 exclusions, Jannitor's ghost, amateur OpCK; Sigmund
D:4 Robin


Innate Abilities, Weirdness & Mutations

Your plain brown scales are hard. (AC +5)
You cannot fit into any form of body armour.
You are cold-blooded and may be slowed by cold attacks.


Message History

* * * LOW HITPOINT WARNING * * *
The jackal bites you.
* * * LOW HITPOINT WARNING * * *
The hobgoblin closely misses you.
There is a stone staircase leading up here.
The jackal barely misses you. The goblin barely misses you.
The jackal bites you but does no damage.
The jackal misses you. The goblin barely misses you.
Robin roars a battlecry!
The goblin goes into a battle-frenzy!
The jackal bites you but does no damage.
The goblin hits you with a dagger.
* * * LOW HITPOINT WARNING * * *
You climb upwards.
Level annotation: 5 exclusions, Jannitor's ghost, amateur OpCK; Sigmund The bat misses you.
There is a stone staircase leading down here.
Unknown command.
The bat misses you. The goblin misses you. The goblin hits you.
You die...

.(...##.# #.#............#
.....##.# #.############.#
.....##.####..............#
.....##.......##########..#
.....##.......# #..@..<#..#
#######.......# #.#####...#
..............# #h# #..##
..#...#.......###g#####..#
..............gh@gh......#
..#...##......##.g#####.##
.......#.......#b.#####.#
###########'#..#........#
.....###.......#.########
.....#...##.#.##.#...#
.....#...##.#......#.#
##...#...##........#.#
#...#.[.#######.#.#.#


You could see 3 jackals, a hobgoblin, 3 goblins and a bat.

Vanquished Creatures
  A scorpion (D:3)
  A hound (D:4)
  2 iguanas
  2 adders
  5 worms
  A dart slug (D:3)
  4 leopard geckos
  3 orcs
  4 giant cockroaches
  9 goblins
  12 hobgoblins
  2 jackals (D:2)
  11 kobolds
  3 quokkas
  4 bats
  8 frilled lizards
  8 rats
80 creatures vanquished.

Notes
Turn   | Place    | Note
-------+----------+-------------------------------------------
     0 | D:1      | HessuHobo the Draconian Fire Elementalist began the quest for the Orb.
     0 | D:1      | Reached XP level 1. HP: 14/14 MP: 3/3
   256 | D:1      | Reached XP level 2. HP: 20/20 MP: 1/5
  1234 | D:2      | Reached XP level 3. HP: 26/26 MP: 2/6
  1319 | D:2      | Learned a level 3 spell: Conjure Flame
  1390 | D:2      | Reached skill level 4 in Fire Magic
  2515 | D:2      | Reached XP level 4. HP: 33/33 MP: 1/8
  2811 | D:3      | Learned a level 2 spell: Throw Flame
  3339 | D:3      | Found a blossoming altar of Fedhas.
  3379 | D:3      | Noticed Sigmund
  3732 | D:3      | Noticed Jannitor's ghost (amateur OpCK)
  4403 | D:3      | Reached XP level 5. HP: 17/38 MP: 0/9
  4673 | D:4      | Noticed a phantom
  5168 | D:4      | Noticed Robin
  5202 | D:5      | Entered Level 5 of the Dungeon
  5227 | D:4      | Reached skill level 5 in Fire Magic
  5248 | D:3      | Slain by a goblin

Skill      XL: |  1  2  3  4  5 |
---------------+----------------+-----
Fire Magic     | 4 5 |  5.0
Conjurations   | 2 |  2.9
Spellcasting   | 3 |  3.4
Dodging        | |  1.7
Stealth        | |  1.7

Action                   |  1- 3 |  4- 6 || total
-------------------------+-------+-------++-------
Melee: Unarmed           |    10 |    33 ||    43
       Tailslap          |     2 |     4 ||     6
 Cast: Flame Tongue      |    90 |    23 ||   113
       Conjure Flame     |     1 |     2 ||     3
       Throw Flame       |       |    62 ||    62
  Use: Scroll            |     6 |     4 ||    10
       Potion            |     4 |     5 ||     9
  Eat: Bread ration      |     1 |       ||     1
       Chunk             |     1 |       ||     1
       Meat ration       |       |     3 ||     3
       Royal jelly       |       |     1 ||     1
Armor: Skin              |     7 |    34 ||    41
Dodge: Dodged            |    12 |    74 ||    86
